Map: Ley Lines

Players

herO - Winner!

  • Race: Protoss Protoss
  • League: Grandmaster
  • Spawn Location: 1:00

ByuN

  • Race: Terran Terran
  • League: Master
  • Spawn Location: 7:00

VOD

Have the link to the VOD?

Description

Time

  • Played on: June 3, 2025, 9:13 p.m.
  • Length: 7:30
Show
View Real Time Build Order
Export as new Build Order

herO Protoss - Winner!

Build Orders: 1 Gate Expand, Blink Stalkers 

Get SALT Encoding   

  12  0:00  Probe  
  13  0:12  Probe  
  14  0:18  Pylon  
  14  0:23  Probe  
  15  0:32  Probe  
  15  0:37  Gateway  
  15  0:40  Probe  
  16  0:46  Assimilator  
  17  0:51  Probe  
  18  1:03  Probe  
  19  1:15  Probe  
  20  1:24  Cybernetics Core  
  20  1:33  Nexus  
  20  1:40  Pylon  
  20  1:43  Probe  
  21  1:49  Assimilator  
  21  1:50  Adept  
  21  1:55  Probe  
  21  2:01  Warp Gate  
  24  2:08  Probe  
  25  2:15  Shield Battery  
  25  2:20  Probe, Sentry  
  28  2:32  Probe  
  29  2:38  Shield Battery  
  29  2:40  Stalker  
  31  2:45  Probe x2  
  33  2:52  Twilight Council  
  33  2:57  Probe  
  33  2:58  Probe  
  35  3:03  Blink  
  35  3:07  Gateway  
  35  3:09  Probe  
  35  3:10  Probe  
  37  3:21  Probe  
  37  3:22  Probe  
  37  3:25  Pylon  
  39  3:34  Probe x2  
  41  3:38  Gateway  
  41  3:43  Robotics Facility  
  41  3:46  Probe x2  
  43  3:51  Stalker  
  45  3:58  Probe x2  
  45  4:01  Stalker  
  49  4:06  Pylon  
  49  4:10  Assimilator  
  49  4:13  Probe x2  
  51  4:17  Stalker  
  53  4:25  Probe x2, Stalker  
  53  4:26  Pylon  
  53  4:31  Observer  
  57  4:47  Probe x2  
  57  4:49  Observer  
  60  4:55  Nexus, Forge  
  60  4:57  Pylon  
  60  4:59  Charge  
  60  5:03  Stalker x2  
  60  5:04  Phoenix  
  60  5:06  Probe  
  65  5:07  Probe  
  65  5:12  Stalker  
  68  5:15  Protoss Ground Weapons Level 1  
  68  5:17  Pylon  
  68  5:18  Probe  
  68  5:19  Probe  
  70  5:24  Shield Battery  
  70  5:28  Probe x2  
  72  5:36  Probe x2  
  74  5:43  Gateway x2  
  74  5:48  Stalker x2  
  76  5:53  Stalker  
  76  5:56  Probe x2  
  72  6:08  Probe x3  
  73  6:12  Warp Prism  
  73  6:17  Stalker x3  
  83  6:28  Gateway  
  83  6:29  Templar Archives  
  83  6:32  Assimilator x2  
  81  6:34  Probe x3  
  84  6:43  Pylon  
  84  6:45  Pylon  
  84  6:46  Probe x3  
  87  6:49  Zealot x3  
  93  6:57  Gateway  
  93  6:58  Probe, Gateway  
  93  7:01  Pylon  
  94  7:04  Pylon  
  94  7:12  Zealot x5  
Show
View Real Time Build Order
Export as new Build Order

ByuN Terran 

Build Orders:  

Get SALT Encoding   

  12  0:00  SCV  
  13  0:12  SCV  
  14  0:16  Supply Depot  
  14  0:24  SCV  
  15  0:38  SCV, Barracks  
  15  0:42  Refinery  
  16  0:50  SCV  
  16  0:55  Refinery  
  17  1:02  SCV  
  18  1:14  SCV  
  19  1:27  Reaper, Orbital Command  
  19  1:32  Supply Depot  
  20  1:41  Factory  
  20  1:52  SCV  
  21  1:59  Reaper  
  22  2:04  SCV  
  23  2:17  SCV  
  23  2:20  Command Center  
  24  2:25  Hellion  
  24  2:29  SCV  
  27  2:31  Barracks Reactor  
  27  2:38  Starport  
  28  2:44  SCV  
  28  2:47  Supply Depot  
  28  2:50  Factory Tech Lab  
  28  2:56  SCV  
  29  3:07  Marine x2  
  29  3:09  Widow Mine, SCV  
  34  3:16  Medivac  
  36  3:23  SCV  
  37  3:34  Marine x2  
  37  3:37  SCV, Orbital Command  
  37  3:41  Factory Tech Lab  
  40  3:51  SCV, Barracks  
  40  3:52  Marine x2  
  40  3:55  Raven  
  45  3:59  Supply Depot  
  45  4:02  Siege Tank  
  48  4:04  SCV  
  48  4:06  SCV  
  50  4:16  Refinery  
  50  4:17  SCV  
  50  4:18  SCV  
  50  4:22  Supply Depot  
  52  4:29  Marine x2, SCV  
  52  4:30  SCV  
  56  4:33  Barracks  
  56  4:34  Engineering Bay  
  56  4:40  Siege Tank  
  56  4:43  SCV x2  
  60  4:48  Marine  
  60  4:49  Stimpack  
  60  4:50  Marine  
  60  4:51  Marine  
  61  4:55  SCV x2  
  63  5:01  Terran Infantry Weapons Level 1  
  63  5:05  Refinery  
  63  5:07  SCV x2  
  63  5:12  Marine x3, Supply Depot  
  68  5:18  Starport Reactor  
  67  5:24  SCV x2  
  67  5:26  Factory Reactor, Supply Depot  
  68  5:30  Combat Shield  
  68  5:31  Marine x2  
  70  5:36  SCV x2  
  70  5:40  Marauder x2  
  76  5:48  SCV x2  
  78  5:55  Marine x2  
  78  6:02  SCV, Marauder  
  74  6:04  SCV  
  74  6:10  Marauder  
  71  6:12  Marine, Medivac  
  71  6:13  Marine, Medivac  
  71  6:14  Widow Mine  
  71  6:15  Widow Mine  
  78  6:30  Concussive Shells, Marauder  
  78  6:31  Marauder  
  80  6:35  Command Center  
  80  6:36  SCV x2  
  80  6:38  Barracks  
  82  6:40  Barracks  
  82  6:43  Supply Depot  
  82  6:45  Marine x2, Supply Depot  
  84  6:48  SCV x2  
  86  6:59  Marauder x2  
  88  7:08  Marine x2  
  98  7:17  SCV x2  
Tags
 
Add a new tag
Caveats
  • Supply blocks, unpowered buildings, or Contaminate may cause inaccurate times.
  • Supply counts are checked every 10 seconds.